AoeStats
← Jan_Rui

Arena

509942234Analyzed
4v4 RM · 5d ago on Sep 28, 2026· 54m 33s· 8 players
Game mode
Random Map
Map size
Large (8 player)
Population
200
Speed
Normal
Resources
Standard
Victory
Conquest
Starting age
Dark Age
Ending age
Imperial Age
RankedLock teamsTeams togetherTeam positionsShared explorationLock speedFull tech treeHidden civsTurbo modeCheats
Victory
Defeat
🇲🇽 Sicilians · Mexico
1052
+15
🇨🇴 Ethiopians · Colombia
995
+17
🇬🇧 Mongols · United Kingdom
972
+18
🇰🇿 Vietnamese · Kazakhstan
967
+20
🇳🇱 Britons · Netherlands
1051
-18
🇳🇱 Poles · Netherlands
1041
-18
🇳🇱 Italians · Netherlands
1010
-17
🇹🇷 Turks · Türkiye
1008
-17
stupidspanky
12:22 Feudal Age
16:25 Castle Age
14:45 Horse Collar
16:05 Double-Bit Axe
18:16 Bow Saw
20:30 Heavy Plow
21:45 Scale Barding Armor
21:52 Forging
23:03 Wheelbarrow
24:31 Hand Cart
24:49 Husbandry
25:00 Bloodlines
26:07 Szlachta Privileges
26:10 Loom
27:37 Iron Casting
27:50 Town Watch
30:27 Chain Barding Armor
31:42 Town Patrol
35:40 Imperial Age
35:20 Fletching
35:57 Cavalier
37:47 Blast Furnace
38:44 Crop Rotation
42:02 Conscription
47:37 Bodkin Arrow
47:42 Padded Archer Armor
49:17 Bracer
49:32 Leather Archer Armor
50:36 Elite Skirmisher
51:30 Scale Mail Armor
52:50 Chain Mail Armor
JewelerMaster
11:04 Feudal Age
11:35 Double-Bit Axe
11:31 Horse Collar
16:47 Fletching
19:26 Castle Age
18:34 Stone Mining
18:36 Gold Mining
20:53 Gold Shaft Mining
20:31 Bow Saw
22:12 Bodkin Arrow
23:40 Ballistics
24:39 Yeomen
32:45 Imperial Age
33:39 Wheelbarrow
32:49 Loom
33:43 Bracer
35:39 Chemistry
35:31 Capped Ram
36:26 Padded Archer Armor
38:08 Warwolf
43:40 Onager
46:17 Leather Archer Armor
46:44 Elite Longbowman
50:01 Hand Cart
52:10 Light Cavalry
52:50 Husbandry
XII. Ahmet
12:47 Feudal Age
14:06 Wheelbarrow
13:20 Double-Bit Axe
13:18 Horse Collar
13:48 Stone Mining
14:34 Gold Mining
21:32 Castle Age
22:43 Hand Cart
23:06 Gold Shaft Mining
22:46 Bow Saw
22:39 Heavy Plow
25:58 Town Watch
49:17 Imperial Age
51:34 Fortified Wall
Jorick
12:56 Feudal Age
14:17 Loom
17:29 Castle Age
16:35 Wheelbarrow
15:53 Double-Bit Axe
15:52 Horse Collar
18:44 Wheelbarrow
18:54 Heavy Plow
22:02 Town Watch
22:58 Hand Cart
25:53 Fletching
26:04 Padded Archer Armor
26:26 Ballistics
26:44 Crossbowman
28:12 Thumb Ring
33:58 Imperial Age
33:12 Elite Skirmisher
33:55 Bodkin Arrow
34:16 Leather Archer Armor
35:58 Chemistry
34:22 Arbalester
36:08 Crop Rotation
36:30 Light Cavalry
37:23 Bloodlines
39:45 Hussar
40:35 Scale Barding Armor
40:32 Bracer
Accor
9:42 Feudal Age
12:16 Horse Collar
15:41 Castle Age
13:59 Double-Bit Axe
15:18 Forging
15:11 Fletching
15:22 Loom
16:52 Bow Saw
18:04 Heavy Plow
25:31 Wheelbarrow
25:26 Ballistics
26:36 Forging
30:10 Imperial Age
27:45 Pikeman
28:25 Squires
28:29 Scale Mail Armor
30:10 Iron Casting
29:50 Chain Mail Armor
29:32 Bodkin Arrow
30:35 Bloodlines
30:25 Husbandry
30:42 Gold Mining
31:31 Conscription
31:00 Onager
31:53 Siege Engineers
32:33 Bodkin Arrow
33:28 Hand Cart
33:39 Bracer
33:39 Padded Archer Armor
33:49 Elite Skirmisher
34:34 Thumb Ring
35:33 Chemistry
35:39 Drill
35:05 Imperial Skirmisher
36:54 Leather Archer Armor
42:20 Parthian Tactics
43:29 Elite Mangudai
47:31 Siege Onager
Jan_Rui
11:04 Feudal Age
13:08 Wheelbarrow
14:43 Double-Bit Axe
17:16 Castle Age
15:02 Horse Collar
17:58 Gold Mining
22:41 Loom
23:55 Bow Saw
23:36 Town Watch
23:53 Scale Mail Armor
27:48 Imperial Age
25:38 Fletching
25:48 Padded Archer Armor
26:59 Gold Shaft Mining
26:58 Heavy Plow
26:58 Stone Mining
27:06 Bodkin Arrow
27:26 Leather Archer Armor
27:35 Ballistics
28:48 Bracer
29:18 Ring Archer Armor
29:51 Chemistry
31:05 Hand Cart
31:58 Two-Man Saw
30:34 Crossbowman
32:31 Arbalester
34:11 Thumb Ring
35:54 Conscription
36:24 Heavy Scorpion
41:58 Torsion Engines
42:07 Siege Engineers
53:37 Town Patrol
WAnds | Loki
0:40 Loom
12:11 Feudal Age
14:24 Double-Bit Axe
14:50 Horse Collar
17:34 Castle Age
18:49 Bow Saw
20:54 Heavy Plow
22:23 Stone Mining
28:46 Wheelbarrow
28:51 Forging
28:41 Scale Mail Armor
29:10 Hand Cart
30:45 Iron Casting
30:27 Chain Mail Armor
30:03 Fletching
30:13 Padded Archer Armor
30:39 Pikeman
31:19 Squires
31:05 Arson
31:36 Treadmill Crane
34:38 Imperial Age
31:56 Town Watch
32:27 Fortified Wall
32:38 Ballistics
32:29 Masonry
32:46 Gold Mining
33:32 Stone Shaft Mining
33:10 Thumb Ring
32:30 Elite Skirmisher
34:22 Leather Archer Armor
34:02 Bodkin Arrow
34:44 Imperial Skirmisher
35:58 Ring Archer Armor
36:01 Plate Mail Armor
36:49 Chemistry
35:42 Halberdier
37:53 Bracer
41:58 Elite Fire Lancer
43:23 Murder Holes
43:34 Siege Engineers
48:28 Hoardings
48:15 Paper Money
47:16 Elite Rattan Archer
55:23 Two-Man Saw
55:05 Crop Rotation
glitter
7:28 Loom
12:29 Feudal Age
13:01 Double-Bit Axe
13:52 Wheelbarrow
13:03 Horse Collar
20:20 Castle Age
20:03 Gold Mining
22:01 Scale Mail Armor
24:58 Forging
28:39 Fletching
29:00 Pikeman
31:28 Hand Cart
31:32 Masonry
31:56 Murder Holes
32:35 Bow Saw
32:28 Heavy Plow
38:01 Imperial Age
36:28 Town Watch
37:21 Iron Casting
37:01 Chain Mail Armor
37:53 Ballistics
38:14 Bodkin Arrow
38:30 Town Patrol
39:39 Gold Shaft Mining
38:56 Stone Mining
42:17 Plate Mail Armor
43:42 Blast Furnace
42:14 Halberdier
44:31 Bracer
45:36 Chemistry
46:31 Elite Serjeant
50:08 Arrowslits
51:59 Conscription
52:06 First Crusade
Connection lost

Rejoining the realm…

Still unreachable

The connection could not be restored.

Session expired

The server has moved on; the page needs a fresh start.